Map: Sequencer LE

Players

Strange - Winner!

  • Race: Protoss Protoss
  • Spawn Location: 1:00

Denver

  • Race: Zerg Zerg
  • Spawn Location: 7:00

Event: WCS Valencia 2017

VOD

Have the link to the VOD?

Description

Time

  • Played on: July 13, 2017, 12:01 p.m.
  • Length: 10:14

All games in this series

Show
View Real Time Build Order
Export as new Build Order

Strange Protoss - Winner!

Build Orders: 1 Gate Expand 

Get SALT Encoding   

  12  0:00  Probe (Chrono Boost)  
  13  0:11  Probe (Chrono Boost)  
  14  0:18  Pylon  
  14  0:22  Probe (Chrono Boost)  
  15  0:36  Probe (Chrono Boost)  
  15  0:38  Gateway  
  16  0:43  Assimilator  
  16  0:47  Probe (Chrono Boost)  
  17  0:57  Probe (Chrono Boost)  
  18  1:08  Probe (Chrono Boost)  
  19  1:23  Nexus  
  19  1:26  Probe (Chrono Boost)  
  20  1:36  Cybernetics Core  
  20  1:39  Probe (Chrono Boost)  
  21  1:46  Assimilator  
  21  1:50  Probe (Chrono Boost)  
  22  1:55  Pylon  
  22  2:00  Probe (Chrono Boost)  
  23  2:08  Warp Gate  
  23  2:13  Probe, Adept (Chrono Boost)  
  26  2:25  Probe, Twilight Council  
  27  2:33  Probe  
  30  2:37  Adept (Chrono Boost)  
  30  2:40  Probe  
  31  2:44  Probe  
  32  2:52  Probe (Chrono Boost)  
  32  2:55  Probe (Chrono Boost)  
  34  3:02  Resonating Glaives (Chrono Boost)  
  34  3:06  Probe (Chrono Boost)  
  34  3:09  Adept (Chrono Boost)  
  37  3:15  Gateway  
  37  3:16  Gateway  
  37  3:19  Probe x2  
  39  3:31  Probe (Chrono Boost), Adept (Chrono Boost)  
  42  3:40  Mothership Core (Chrono Boost)  
  44  3:41  Pylon  
  44  3:45  Probe (Chrono Boost)  
  45  3:51  Pylon  
  45  3:55  Probe (Chrono Boost)  
  46  3:57  Probe  
  46  4:01  Nexus  
  47  4:11  Adept  
  47  4:12  Adept x2  
  47  4:13  Probe  
  47  4:15  Probe  
  55  4:25  Robotics Facility  
  55  4:26  Probe x2  
  57  4:31  Pylon  
  57  4:39  Probe  
  57  4:43  Assimilator  
  57  4:45  Probe, Assimilator  
  58  4:49  Sentry  
  58  4:50  Sentry, Stalker  
  58  4:51  Probe  
  66  4:55  Probe  
  67  5:03  Probe  
  67  5:06  Probe  
  70  5:14  Observer (Chrono Boost)  
  70  5:17  Probe  
  71  5:22  Gateway  
  71  5:24  Gateway  
  71  5:27  Gateway  
  71  5:28  Sentry x3  
  77  5:29  Probe x2  
  77  5:33  Warp Prism (Chrono Boost)  
  81  5:39  Gateway  
  81  5:40  Gateway  
  81  5:41  Gateway  
  81  5:47  Gateway  
  81  5:51  Pylon  
  81  5:54  Probe x2  
  81  5:56  Pylon  
  83  6:01  Sentry  
  85  6:07  Pylon  
  85  6:14  Pylon  
  85  6:15  Pylon  
  85  6:16  Pylon  
  85  6:20  Adept x3  
  85  6:21  Adept  
  93  6:27  Pylon  
  93  6:38  Adept x5  
  103  6:41  Sentry x3  
  103  6:42  Sentry  
  111  6:58  Adept x6  
  105  7:08  Adept x4  
  85  7:13  Probe x3  
  88  7:22  Immortal (Chrono Boost)  
  88  7:25  Probe x3  
  88  7:29  Pylon  
  91  7:37  Probe x3  
  91  7:38  Adept  
  91  7:39  Adept x4  
  104  7:48  Assimilator  
  104  7:49  Probe x3  
  107  7:54  Forge, Assimilator  
  107  7:55  Sentry x2  
  107  7:57  Sentry  
  113  8:02  Probe x2  
  113  8:05  Probe  
  116  8:14  Probe  
  116  8:15  Adept x6  
  116  8:18  Immortal (Chrono Boost)  
  115  8:22  Probe  
  120  8:31  Protoss Ground Weapons Level 1 (Chrono Boost)  
  120  8:36  Pylon  
  120  8:38  Sentry x2  
  124  8:45  Adept  
  124  8:46  Probe x2  
  128  8:50  Immortal  
  130  9:05  Stalker x3  
  130  9:06  Stalker x3  
  130  9:09  Sentry  
  144  9:10  Zealot  
  127  9:17  Probe  
  128  9:27  Probe  
  128  9:28  Adept x2  
  129  9:48  Sentry  
  129  9:49  Sentry x2, Stalker x3  
  141  10:05  Adept x4  
Show
View Real Time Build Order
Export as new Build Order

Denver Zerg 

Build Orders: Hatch First 

Get SALT Encoding   

  12  0:00  Drone  
  13  0:12  Overlord  
  13  0:17  Drone  
  14  0:31  Drone x2  
  16  0:35  Drone  
  17  0:52  Hatchery  
  17  0:55  Drone  
  17  0:59  Extractor, Drone  
  17  1:14  Spawning Pool  
  17  1:17  Drone  
  17  1:21  Drone  
  18  1:30  Drone  
  19  1:40  Overlord  
  19  1:50  Drone  
  20  2:01  Queen, Metabolic Boost  
  20  2:04  Queen  
  20  2:08  Zergling x2  
  25  2:10  Zergling x2  
  25  2:14  Drone  
  27  2:16  Drone  
  28  2:24  Drone  
  29  2:36  Hatchery  
  28  2:40  Drone  
  28  2:41  Drone  
  28  2:44  Drone  
  31  2:49  Drone x2  
  33  2:54  Overlord  
  32  3:01  Drone  
  32  3:04  Queen  
  35  3:12  Pneumatized Carapace  
  35  3:14  Drone x2  
  35  3:15  Drone  
  35  3:18  Drone  
  39  3:22  Overlord  
  39  3:25  Zergling x2  
  41  3:27  Zergling x2  
  41  3:29  Drone  
  41  3:31  Drone  
  43  3:35  Evolution Chamber  
  43  3:38  Drone  
  43  3:39  Drone  
  44  3:45  Drone x3  
  44  3:46  Drone  
  48  3:49  Drone  
  48  3:50  Drone  
  48  3:55  Drone  
  51  4:01  Queen  
  51  4:02  Zerg Melee Weapons Level 1  
  53  4:08  Extractor  
  53  4:09  Baneling Nest  
  50  4:14  Drone  
  50  4:15  Drone x3, Overlord  
  54  4:19  Zergling x6  
  54  4:22  Zergling x2  
  54  4:23  Zergling x2  
  58  4:29  Overlord  
  58  4:33  Overlord  
  58  4:34  Zergling x6  
  61  4:39  Spine Crawler  
  61  4:44  Zergling x12  
  66  4:51  Drone  
  66  4:52  Drone x4  
  71  4:58  Drone x3  
  73  5:02  Lair  
  73  5:04  Baneling  
  73  5:05  Baneling x3  
  73  5:06  Drone  
  74  5:08  Drone  
  74  5:10  Drone  
  74  5:13  Overlord  
  76  5:15  Overlord  
  76  5:18  Drone x2  
  76  5:20  Extractor  
  77  5:23  Roach Warren  
  77  5:25  Overlord  
  76  5:32  Overlord  
  76  5:33  Zergling x2  
  76  5:34  Zergling x8  
  81  5:40  Overlord  
  81  5:52  Overlord  
  81  6:01  Centrifical Hooks  
  81  6:02  Glial Reconstitution  
  81  6:04  Roach x6  
  83  6:05  Overlord  
  83  6:06  Zergling x2  
  83  6:07  Zergling x6  
  83  6:09  Extractor  
  95  6:13  Zergling x2  
  95  6:14  Zergling x6, Roach x2  
  103  6:19  Zergling x4  
  103  6:20  Queen  
  103  6:24  Zergling x2  
  108  6:26  Baneling  
  108  6:27  Baneling x4  
  108  6:28  Baneling  
  108  6:30  Zergling x10  
  113  6:37  Zergling x8  
  113  6:39  Baneling  
  117  6:40  Baneling x3  
  117  6:45  Zergling x4  
  117  6:46  Zergling x2  
  114  7:00  Zergling x2  
  114  7:01  Zergling x8  
  106  7:03  Zergling x2  
  106  7:04  Zergling x2  
  106  7:07  Roach x3  
  106  7:08  Roach x3  
  106  7:13  Ravager x2  
  106  7:14  Zergling x4  
  108  7:18  Extractor, Zergling x2  
  108  7:24  Baneling x7  
  108  7:26  Zergling x4  
  110  7:30  Drone  
  110  7:33  Drone  
  110  7:35  Extractor, Hatchery  
  110  7:37  Hydralisk Den  
  110  7:39  Zergling x12  
  110  7:40  Zergling x2  
  110  7:42  Overlord  
  116  7:44  Overlord  
  116  7:45  Drone x2  
  116  7:49  Overlord  
  116  7:52  Zerg Melee Weapons Level 2  
  116  7:56  Drone x2  
  118  8:04  Zergling x2  
  118  8:05  Zergling x8, Overlord  
  116  8:14  Zergling x2  
  116  8:15  Zergling x10  
  115  8:20  Zergling x2  
  115  8:21  Zergling x4  
  115  8:24  Drone x2  
  119  8:33  Zergling x4  
  121  8:37  Hydralisk x3  
  121  8:38  Hydralisk x2  
  131  8:42  Drone x2  
  131  8:51  Zergling x2  
  131  8:52  Zergling x2  
  131  8:54  Baneling  
  131  8:55  Baneling x5  
  133  8:59  Drone x6  
  139  9:03  Evolution Chamber, Ravager x3  
  139  9:04  Ravager x2  
  139  9:08  Baneling  
  139  9:09  Baneling x3  
  139  9:17  Zergling x2  
  139  9:18  Zergling x16  
  145  9:29  Nydus Network  
  145  9:31  Zergling x10  
  144  9:32  Zergling x2  
  144  9:35  Hydralisk x2  
  148  9:45  Zergling x2  
  149  9:46  Zergling x10  
  149  9:51  Baneling x2  
  152  9:53  Baneling x3  
  152  9:54  Zergling x2  
  152  9:55  Zergling x14  
Tags
 
Add a new tag
Caveats
  • Supply blocks, unpowered buildings, or Contaminate may cause inaccurate times.
  • Supply counts are checked every 10 seconds.